 Dungeon Crawl Stone Soup version 0.32-a0-842-gbbb8fdbe59 (webtiles) character file.

Game seed: 2136444305486406021

1302 Essalna the Firebug (level 8, -10/61 HPs)
             Began as a Demonspawn Fire Elementalist on Mar 27, 2024.
             Mangled by makewrite's ghost (15 damage)
             ... on level 5 of the Dungeon.
             The game lasted 00:07:47 (4142 turns).

Essalna the Firebug (Demonspawn Fire Elementalist)  Turns: 4142, Time: 00:07:48

Health: -10/61     AC:  4    Str:  8    XL:     8   Next: 31%
Magic:  3/15       EV: 11    Int: 17    God:
Gold:   334        SH:  0    Dex: 15    Spells: 10/17 levels left

rFire   . . .        c - +0 sling
rCold   . . .        (no shield)
rNeg    . . .        a - +0 robe
rPois   .            (helmet restricted)
rElec   .            (no cloak)
rCorr   .            (no gloves)
SInv    +            (no boots)
Will    .....        f - amulet of magic regeneration
Stlth   ++           q - ring of see invisible
HPRegen 0.30/turn    (no ring)
MPRegen 0.54/turn

%: no passive effects
@: no status effects
A: antennae 1, yellow scales 1, ignite blood 1
a: no special abilities


You were on level 5 of the Dungeon.
You visited 1 branch of the dungeon, and saw 5 of its levels.

You collected 334 gold pieces.

Inventory:

Hand Weapons
 c - a +0 sling (weapon)
Armour
 a - a +0 robe (worn)
Jewellery
 f - an amulet of magic regeneration (around neck)
 h - an amulet of guardian spirit
 q - a ring of see invisible (left hand)
Wands
 m - a wand of charming (8)
Scrolls
 d - 5 scrolls of teleportation
 i - 6 scrolls of identify
 j - 3 scrolls of fog
 l - a scroll of blinking {unknown}
 n - a scroll of torment {unknown}
 o - a scroll of enchant armour {unknown}
 t - a scroll of fear {unknown}
Potions
 e - a potion of mutation {unknown}
 g - a potion of degeneration {unknown}
 k - 3 potions of curing {unknown}
 p - a potion of heal wounds {unknown}
 r - a potion of attraction {unknown}
 s - a potion of brilliance {unknown}
 u - a potion of enlightenment {unknown}
 v - a potion of cancellation {unknown}


   Skills:
 + Level 4.8 Fighting
 - Level 1.7 Dodging
 - Level 1.7 Stealth
 + Level 5.0 Spellcasting
 + Level 5.0 Conjurations
 + Level 5.3 Fire Magic


You had 10 spell levels left.
You knew the following spells:

 Your Spells              Type           Power      Damage    Failure   Level
a - Foxfire               Conj/Fire      84%        2x1d8     1%          1
b - Scorch                Fire           44%        2d6       2%          2
c - Flame Wave            Conj/Fire      21%        2d8       17%         4

Your spell library contained the following spells:

 Spells                   Type           Power      Damage    Failure   Level
 Sting                    Conj/Alch      48%        1d6       4%          1
 Apportation              Tloc           8%         N/A       14%         1
 Freeze                   Ice            16%        1d4       14%         1
 Necrotise                Necr           16%        1d4       14%         1
 Slow                     Hex            16%        N/A       14%         1
 Summon Small Mammal      Summ           16%        N/A       14%         1
 Inner Flame              Hex/Fire       13%        N/A       14%         3
 Volatile Blastmotes      Fire/Tloc      26%        2d12      14%         3
 Hailstorm                Conj/Ice       12%        3d6       16%         3
 Call Canine Familiar     Summ           4%         N/A       38%         3
 Confusing Touch          Hex            4%         N/A       38%         3
 Frozen Ramparts          Ice            8%         1d2       38%         3
 Sigil of Binding         Hex            4%         N/A       38%         3
 Vampiric Draining        Necr           4%         2d6       38%         3
 Dimensional Bullseye     Hex/Tloc       2%         N/A       80%         4


Dungeon Overview and Level Annotations

Branches:
Dungeon (5/15)
 Temple: D:4-7

Altars:
Qazlal
Uskayaw

Annotations:
D:5 1 transporter, makewrite's ghost, amateur MiGl


Innate Abilities, Weirdness & Mutations

You have a pair of small antennae on your head.
You are partially covered in yellow scales. (AC +2)
Your demonic aura sometimes causes spilled blood to erupt in flames.


Message History

Casting: Scorch (safe; 2% risk of failure)
Confirm with . or Enter, or press ? or * to list all spells.
Flames lash makewrite's ghost.
Makewrite's ghost is lightly damaged.
Makewrite's ghost's fire resistance burns away.
The bullfrog skeleton closely misses you.
The water moccasin zombie closely misses you.
Makewrite's ghost hits you!
Casting: Scorch (safe; 2% risk of failure)
Confirm with . or Enter, or press ? or * to list all spells.
Flames lash makewrite's ghost.
Makewrite's ghost is burned terribly!
Makewrite's ghost is heavily damaged.
The bullfrog skeleton closely misses you.
The water moccasin zombie bites you. The bullfrog skeleton hits you.
Makewrite's ghost hits you!
The water moccasin zombie closely misses you.
Casting: Scorch (safe; 2% risk of failure)
Confirm with . or Enter, or press ? or * to list all spells.
Flames lash makewrite's ghost.
Makewrite's ghost is burned terribly!
Makewrite's ghost is heavily damaged.
The bullfrog skeleton hits you.
The water moccasin zombie bites you but does no damage.
Makewrite's ghost barely misses you.
Casting: Scorch (safe; 2% risk of failure)
Confirm with . or Enter, or press ? or * to list all spells.
Flames lash the water moccasin zombie.
The water moccasin zombie is burned terribly!
The water moccasin zombie is almost destroyed.
The bullfrog skeleton hits you. The water moccasin zombie bites you.
Makewrite's ghost hits you!
* * * LOW HITPOINT WARNING * * *
Casting: Scorch (safe; 2% risk of failure)
Confirm with . or Enter, or press ? or * to list all spells.
Flames lash the water moccasin zombie.
The water moccasin zombie is burned terribly!
You destroy the water moccasin zombie!
The bullfrog skeleton is no longer more vulnerable to fire.
The bullfrog skeleton barely misses you. x2
Makewrite's ghost hits you!
You die...

###.......... ..................
.###......... ..................
.###..##..#############......)...
###....#..#©..........#..........
.##.......#........(.Z#.........)
..#.......#..###.###..#....<.....
..........#..#ß#.#ß#..#........##
#.........#....WZ....$#......####
....)....©#.....@.[..?#©.........
..........#..........$#....#.....
.#........#..#ß#.#ß#..#..........
##........#..###.###..#.[........
#.........#...........#..##.##...
#......)..#...........#......#...
#.........#############..##......
.........................##......
#............................#...


You could see makewrite's ghost (combustible) and a bullfrog skeleton.

Vanquished Creatures
  Pikel (D:5)
  A steam dragon (D:5)
  2 black bears
  4 lemures (D:5)
  A scorpion (D:4)
  A water moccasin zombie (D:5)
  2 howler monkeys (D:5)
  2 jellies
  An orc priest (D:5)
  Terence (D:3)
  An iguana (D:4)
  2 orc wizards
  3 gnolls (D:5)
  9 adders
  8 dart slugs
  2 ribbon worms (D:2)
  13 orcs
  6 ball pythons
  4 endoplasms
  5 giant cockroaches
  9 goblins
  4 hobgoblins
  4 jackals
  8 kobolds
  A quokka (D:1)
  3 bats
  3 frilled lizards
  10 rats
111 creatures vanquished.

Vanquished Creatures (others)
  232 foxfires
232 creatures vanquished.

Grand Total: 343 creatures vanquished

Notes
Turn   | Place    | Note
-------+----------+-------------------------------------------
     0 | D:1      | Essalna the Demonspawn Fire Elementalist began the quest
                  | for the Orb.
     0 | D:1      | Reached XP level 1. HP: 13/13 MP: 3/3
   289 | D:1      | Gained mutation: You are partially covered in yellow
                  | scales. (AC +2) [demonic ancestry]
   289 | D:1      | Reached XP level 2. HP: 14/20 MP: 3/5
   522 | D:1      | Found a faded altar of an unknown god.
   747 | D:2      | Reached skill level 1 in Fighting
   821 | D:2      | Reached XP level 3. HP: 26/26 MP: 3/6
  1192 | D:2      | Reached XP level 4. HP: 24/32 MP: 7/7
  1470 | D:2      | Learned a level 2 spell: Scorch
  2125 | D:3      | Noticed Terence
  2131 | D:3      | Killed Terence
  2132 | D:3      | Gained mutation: Your demonic aura sometimes causes spilled
                  | blood to erupt in flames. [demonic ancestry]
  2132 | D:3      | Reached XP level 5. HP: 38/38 MP: 6/9
  2510 | D:4      | Found a stormy altar of Qazlal.
  2696 | D:4      | Noticed a black bear
  2838 | D:4      | Reached XP level 6. HP: 26/46 MP: 3/11
  3199 | D:5      | Entered Level 5 of the Dungeon
  3310 | D:5      | Reached XP level 7. HP: 47/52 MP: 6/12
  3344 | D:5      | Found a hide-covered altar of Uskayaw.
  3390 | D:5      | Learned a level 4 spell: Flame Wave
  3532 | D:5      | Noticed a steam dragon
  3542 | D:5      | Killed a steam dragon
  3783 | D:5      | Found a transporter.
  3912 | D:5      | Noticed Pikel
  3933 | D:5      | Killed Pikel
  3934 | D:5      | Reached skill level 5 in Spellcasting
  3934 | D:5      | Reached skill level 5 in Conjurations
  3934 | D:5      | Reached skill level 5 in Fire Magic
  3934 | D:5      | Gained mutation: You have a pair of small antennae on your
                  | head. [demonic ancestry]
  3934 | D:5      | Reached XP level 8. HP: 6/61 MP: 0/15
  4126 | D:5      | Noticed makewrite's ghost (amateur MiGl)
  4129 | D:5      | Found a transporter.
  4142 | D:5      | Mangled by makewrite's ghost

Illustrated notes

Levels and vault maps discovered:
D:1:      dpeg_arrival_stonehenge_8_columns, layout_loops_ring,
          shapermc_ecumenical_altar_starsandcircs
D:2:      layout_basic
D:3:      kennysheep_slugbush, layout_rooms,
          hellmonk_okawaru_the_only_friend_you_need, dk_noncrumbling_2,
          uniq_crazy_yiuf_cottage, uniq_terence
D:4:      layout_basic, mainiacjoe_overflow_surrounded_room,
          kennysheep_opposing_triangles
D:5:      layout_cave_pools, mainiacjoe_overflow_catwalk,
          gammafunk_ghost_mausoleum, minmay_joined_circles, uniq_pikel

Skill      XL: |  1  2  3  4  5  6  7 |
---------------+----------------------+-----
Fighting       | 1 2 3 4 |  4.8
Fire Magic     | 3 4 5 |  5.3
Conjurations   | 2 3 5 |  5.0
Spellcasting   | 3 5 |  5.0
Dodging        | |  1.7
Stealth        | |  1.7

Action                     |  1- 3 |  4- 6 |  7- 9 || total
---------------------------+-------+-------+-------++-------
   Fire: Sling             |    60 |   112 |    18 ||   190
   Cast: Foxfire           |    32 |    90 |    11 ||   133
         Scorch            |       |     8 |    36 ||    44
         Flame Wave        |       |       |     2 ||     2
    Use: Scroll            |       |     2 |       ||     2
         Potion            |       |       |     1 ||     1
 Armour: Robe              |    28 |    48 |    58 ||   134
  Dodge: Dodged            |    33 |    43 |    30 ||   106

Table legend: (Time is in decaauts)
 A = Elapsed time spent in this place.
 B = Non-inter-level travel time spent in this place.
 C = Inter-level travel time spent in this place.
 D = Time resting spent in this place.
 E = Time spent auto-exploring this place.
 F = Levels seen in this place.
 G = Mean time per level.
                   A        B        C        D        E       F      G
               +--------+--------+--------+--------+--------+-----+--------+
         Total |   4222 |   4112 |    110 |      0 |   3418 |   5 |  844.4 |
       Dungeon |   4222 |   4112 |    110 |      0 |   3418 |   5 |  844.4 |
               +--------+--------+--------+--------+--------+-----+--------+

Top non-repeatable levels by time:
     D:4: 1017 daAuts
     D:2: 976 daAuts
     D:5: 951 daAuts
     D:1: 749 daAuts
     D:3: 527 daAuts
